 Dungeon Sprint DCSS version 0.27.1-1-g398f81649c (webtiles) character file.

Game seed: 1025297320230978422

1000 Dadi the Fighter (level 8, -3/63 HPs)
             Began as a Gargoyle Berserker on Sept 14, 2021.
             Was a Priest of Trog.
             Slain by a neqoxec (11 damage)
             ... summoned by a kobold demonologist
             ... in the Dungeon (Sprint I: "Red Sonja").
             The game lasted 00:01:11 (508 turns).

Dadi the Fighter (Gargoyle Berserker)                Turns: 508, Time: 00:01:11

Health: -3/63      AC:  3    Str: 22    XL:     8   Next: 19%
Magic:  8/8        EV: 11    Int:  9    God:    Trog [***...]
Gold:   405        SH:  0    Dex:  9    Spells: 7/7 levels left

rFire    . . .     SeeInvis .   a - +0 mace
rCold    . . .     Faith    .   (no shield)
rNeg     + . .     Spirit   .   b - +0 animal skin
rPois    ∞         Reflect  .   (no helmet)
rElec    +         Harm     .   (no cloak)
rCorr    .         Rampage  .   (no gloves)
Will     .....     NoTele   +   (no boots)
Stlth    +.........             (no amulet)
HPRegen  0.20/turn              (no ring)
MPRegen  0.11/turn              (no ring)

@: corroded, on berserk cooldown, slowed, very slow
A: sickness immunity, AC +5, negative energy resistance 1, electricity
resistance, torment resistance 1, petrification resistance
a: Renounce Religion, Berserk, Trog's Hand


You were in the Dungeon.
You worshipped Trog.
Trog was most pleased with you.
You visited 1 branch You collected 405 gold pieces.

Inventory:

Hand Weapons
 a - a +0 mace (weapon)
Armour
 b - a +0 animal skin (worn)
Wands
 j - a wand of paralysis (13)
Scrolls
 h - a scroll of blinking
 k - a scroll of immolation {unknown}
Potions
 c - a potion of curing
 d - a potion of heal wounds
 e - a potion of haste
 f - 2 potions of magic
 g - a potion of berserk rage
 i - a potion of brilliance {unknown}


   Skills:
 + Level 13.4 Fighting
 + Level 12.4 Maces & Flails
 - Level 2.1 Armour
 - Level 1.5 Dodging


You had 7 spell levels left.
You didn't know any spells.
Your spell library was empty.

Dungeon Overview and Level Annotations

Branches:
Dungeon (1/1)

Altars:
Cheibriados
Dithmenos
Elyvilon
Fedhas
Gozag
Hepliaklqana
Kikubaaqudgha
Makhleb
Nemelex Xobeh
Okawaru
Qazlal
Ru
Sif Muna
Trog
Uskayaw
Vehumet
Wu Jian
Xom
Yredelemnul
Zin
The Shining One
Jiyva
Lugonu

Shops:
D :


Innate Abilities, Weirdness & Mutations

You are immune to sickness and miasma.
Your stone body is resilient. (AC +5)
You are immune to poison.
You resist negative energy. (rN+)
You are resistant to electric shocks. (rElec)
You are resistant to unholy torment.
You are immune to petrification.


Message History

The iron imp disappears in a puff of smoke!
The neqoxec hits you.
Your Fighting skill increases to level 13!
Your Maces & Flails skill increases to level 12!
You have reached level 8!
You feel clever.
The kobold demonologist hits you but does no damage.
Things that are here:
a +0 dagger; a +0 robe You closely miss the kobold demonologist.
You closely miss the kobold demonologist.
You are no longer berserk.
You are exhausted.
You feel yourself slow down.
The kobold demonologist mumbles some strange words.
The neqoxec hits you.
You closely miss the kobold demonologist.
The kobold demonologist gestures wildly while chanting.
The neqoxec hits you. The orange demon closely misses you.
You sock the kobold demonologist!
The kobold demonologist is moderately wounded.
The kobold demonologist hits you but does no damage.
The neqoxec gestures at you.
Something tries to feed on your intellect!
The orange demon stings you from afar!
* * * LOW HITPOINT WARNING * * *
You sock the kobold demonologist!
The kobold demonologist is heavily wounded.
The kobold demonologist completely misses you.
The neqoxec hits you.
* * * LOW HITPOINT WARNING * * *
The orange demon stings you from afar!
* * * LOW HITPOINT WARNING * * *
The rust devil hits you. The rust devil corrodes you!
You hit the kobold demonologist.
The kobold demonologist is severely wounded.
The kobold demonologist hits you with a +0 dagger.
* * * LOW HITPOINT WARNING * * *
The neqoxec hits you!
You die...

####################
)..#..'..#__#..3@K4#
#..').#..'..'..#.4.#
##'#####'#__####...+
#..#...#.#### #####
####..##(#
___##'#_.+
∩...'..._#
.__##_.#'#
___###+#.#


You could see an orange demon (summoned), a rust devil (summoned), a kobold
demonologist and a neqoxec (summoned).

Vanquished Creatures
  A kobold demonologist (D)
  A slime creature (D)
  Sigmund (D)
  A yak (D)
  A floating eye (D)
  An ogre (D)
  A jelly (D)
  Ijyb (D)
8 creatures vanquished.

Notes
Turn   | Place    | Note
-------+----------+-------------------------------------------
     0 | D        | Dadi the Gargoyle Berserker began the quest for the Orb.
     0 | D        | Reached XP level 1. HP: 14/14 MP: 1/1
     1 | D        | Noticed Ijyb
    11 | D        | Killed Ijyb
    12 | D        | Reached skill level 5 in Fighting
    12 | D        | Reached skill level 5 in Maces & Flails
    12 | D        | Reached XP level 2. HP: 22/22 MP: 2/2
    12 | D        | Reached XP level 3. HP: 27/27 MP: 3/3
    88 | D        | Noticed an ogre
    91 | D        | Killed an ogre
    92 | D        | Reached skill level 7 in Fighting
    92 | D        | Reached XP level 4. HP: 35/35 MP: 4/4
   169 | D        | Noticed Sigmund
   174 | D        | Killed Sigmund
   174 | D        | Reached ** piety under Trog
   175 | D        | Reached skill level 10 in Fighting
   175 | D        | Reached XP level 5. HP: 42/42 MP: 5/5
   175 | D        | Reached XP level 6. HP: 48/48 MP: 6/6
   228 | D        | Found an ornate altar of the Wu Jian Council.
   228 | D        | Found a shimmering blue altar of Sif Muna.
   230 | D        | Found a radiant altar of Vehumet.
   278 | D        | Found a burning altar of Makhleb.
   278 | D        | Found a viscous altar of Jiyva.
   278 | D        | Found a shimmering altar of Xom.
   278 | D        | Found a corrupted altar of Lugonu.
   278 | D        | Noticed a slime creature
   286 | D        | Killed a slime creature
   287 | D        | Reached skill level 11 in Fighting
   287 | D        | Reached skill level 10 in Maces & Flails
   287 | D        | Reached XP level 7. HP: 55/55 MP: 7/7
   329 | D        | Found Zoel's Book Emporium.
   329 | D        | Found an ancient bone altar of Kikubaaqudgha.
   329 | D        | Found a hazy altar of Hepliaklqana.
   329 | D        | Found a stormy altar of Qazlal.
   329 | D        | Found a hide-covered altar of Uskayaw.
   329 | D        | Found a blossoming altar of Fedhas.
   329 | D        | Found a bloodstained altar of Trog.
   329 | D        | Found an iron altar of Okawaru.
   329 | D        | Found a basalt altar of Yredelemnul.
   329 | D        | Found a glowing golden altar of the Shining One.
   329 | D        | Found a snail-covered altar of Cheibriados.
   329 | D        | Found a sacrificial altar of Ru.
   329 | D        | Found a glowing silver altar of Zin.
   329 | D        | Found a shadowy altar of Dithmenos.
   329 | D        | Found a white marble altar of Elyvilon.
   329 | D        | Noticed a yak
   338 | D        | Killed a yak
   338 | D        | Reached *** piety under Trog
   339 | D        | Reached skill level 12 in Fighting
   339 | D        | Found an opulent altar of Gozag.
   450 | D        | Found a sparkling altar of Nemelex Xobeh.
   485 | D        | Noticed a kobold demonologist
   486 | D        | Noticed a neqoxec
   486 | D        | Paralysed by a floating eye for 3 turns
   486 | D        | Noticed a kobold demonologist
   492 | D        | Noticed a neqoxec
   501 | D        | Killed a kobold demonologist
   502 | D        | Reached skill level 13 in Fighting
   502 | D        | Reached XP level 8. HP: 49/63 MP: 8/8
   505 | D        | Noticed an orange demon
   506 | D        | Noticed a rust devil
   508 | D        | Slain by a neqoxec

Illustrated notes

Levels and vault maps discovered:
D:        dungeon_sprint_1 [red_sonja_temple_1, red_sonja_temple_small_1]

Skill      XL: |  1  2  3  4  5  6  7 |
---------------+----------------------+-----
Fighting       | 5 7 10 11 13 | 13.4
Maces & Flails | 5 7 9 10 12 | 12.4
Armour         | |  2.1
Dodging        | |  1.5

Action                   |  1- 3 |  4- 6 |  7- 9 || total
-------------------------+-------+-------+-------++-------
Melee: Mace              |    11 |    12 |    26 ||    49
Invok: Berserk           |     2 |     3 |     2 ||     7
Armor: Animal skin       |       |     1 |     5 ||     6
Dodge: Dodged            |     4 |     4 |     3 ||    11
